Map: Acropolis LE

Players

TLO

  • Race: Zerg Zerg
  • Spawn Location: 5:00

Elazer - Winner!

  • Race: Zerg Zerg
  • Spawn Location: 11:00

Event: 2019 WCS Summer

VOD

Have the link to the VOD?

Description

Time

  • Played on: July 13, 2019, 11:45 a.m.
  • Length: 5:51

All games in this series

Show
View Real Time Build Order
Export as new Build Order

TLO Zerg 

Build Orders: Hatch First 

Get SALT Encoding   

  12  0:00  Drone  
  13  0:12  Overlord  
  13  0:16  Drone  
  14  0:30  Drone  
  14  0:31  Drone  
  16  0:48  Hatchery  
  15  0:51  Drone  
  15  0:55  Drone  
  17  1:09  Spawning Pool  
  16  1:12  Drone  
  16  1:16  Drone  
  18  1:35  Hatchery  
  18  1:39  Drone  
  18  1:42  Drone  
  19  1:49  Drone  
  20  1:57  Queen  
  22  2:03  Queen  
  22  2:06  Zergling x2  
  25  2:12  Overlord  
  26  2:15  Drone  
  26  2:17  Drone  
  26  2:20  Drone  
  28  2:30  Drone  
  28  2:33  Drone, Queen  
  28  2:35  Drone  
  33  2:37  Drone  
  33  2:44  Queen  
  34  2:48  Drone  
  37  2:52  Queen  
  37  2:55  Drone  
  37  2:57  Drone  
  41  3:00  Drone  
  41  3:02  Overlord  
  42  3:10  Extractor  
  42  3:11  Extractor, Spine Crawler  
  42  3:12  Drone  
  40  3:14  Drone  
  40  3:16  Drone  
  40  3:19  Overlord  
  42  3:22  Drone  
  42  3:23  Drone  
  42  3:26  Drone  
  45  3:27  Evolution Chamber  
  45  3:28  Drone  
  45  3:33  Drone x2  
  46  3:36  Zergling x4  
  46  3:39  Drone  
  49  3:42  Drone x3  
  52  3:49  Roach Warren  
  52  3:51  Drone  
  52  3:53  Drone  
  52  3:54  Drone  
  54  3:59  Drone  
  54  4:01  Drone  
  54  4:02  Drone x2  
  57  4:08  Lair  
  57  4:12  Drone  
  57  4:13  Overlord  
  57  4:15  Overlord  
  58  4:19  Extractor  
  58  4:20  Extractor  
  58  4:24  Drone x2  
  57  4:29  Overlord x2  
  58  4:31  Drone  
  58  4:32  Drone  
  58  4:33  Drone  
  58  4:35  Drone  
  58  4:36  Drone  
  58  4:37  Drone  
  64  4:39  Drone  
  64  4:42  Drone  
  64  4:43  Drone  
  67  4:46  Pneumatized Carapace  
  67  4:47  Overlord  
  67  4:50  Drone  
  67  4:52  Roach  
  70  4:54  Roach  
  70  4:57  Evolution Chamber  
  70  4:59  Roach  
  73  5:01  Roach  
  73  5:04  Roach  
  73  5:06  Roach  
  77  5:09  Roach  
  77  5:10  Roach  
  77  5:13  Roach  
  80  5:15  Roach  
  80  5:17  Roach  
  81  5:24  Roach  
  81  5:28  Drone, Roach  
  70  5:29  Roach x2  
Show
View Real Time Build Order
Export as new Build Order

Elazer Zerg - Winner!

Build Orders: Hatch First, Zergling Baneling 

Get SALT Encoding   

  12  0:00  Drone  
  13  0:12  Overlord  
  13  0:16  Drone  
  14  0:30  Drone x2  
  16  0:47  Hatchery  
  15  0:50  Drone  
  15  0:54  Drone  
  17  0:57  Drone  
  18  1:08  Extractor  
  17  1:12  Spawning Pool  
  17  1:15  Drone  
  17  1:19  Drone  
  18  1:27  Drone  
  19  1:38  Drone  
  20  1:49  Drone  
  21  1:59  Queen x2  
  21  2:00  Drone, Overlord  
  26  2:08  Metabolic Boost  
  26  2:11  Drone  
  26  2:12  Zergling x2  
  28  2:24  Drone x2  
  30  2:31  Drone  
  30  2:32  Drone  
  32  2:37  Hatchery  
  32  2:42  Drone  
  32  2:43  Drone  
  33  2:45  Baneling Nest  
  32  2:52  Overlord  
  32  2:54  Drone  
  33  2:59  Evolution Chamber  
  33  3:03  Drone  
  33  3:04  Drone  
  34  3:08  Drone x2  
  34  3:12  Drone  
  37  3:13  Zergling x6  
  37  3:17  Overlord  
  40  3:20  Zergling x2  
  40  3:25  Zerg Melee Weapons Level 1  
  41  3:29  Overlord  
  41  3:31  Zergling x2  
  42  3:40  Zergling x2  
  42  3:41  Zergling x8  
  46  3:43  Queen  
  46  3:47  Overlord  
  48  3:49  Zergling x2  
  48  3:51  Zergling x2  
  48  3:53  Zergling x2  
  51  3:59  Zergling x4  
  51  4:01  Overlord  
  53  4:03  Zergling x2  
  53  4:06  Overlord  
  54  4:12  Zergling x4  
  54  4:15  Zergling x8  
  59  4:20  Zergling x4  
  59  4:24  Zergling x4  
  63  4:26  Overlord  
  63  4:36  Baneling x6  
  64  4:38  Zergling x8  
  67  4:47  Zergling x10  
  72  4:56  Baneling x4  
  68  5:09  Zergling x18  
  67  5:23  Zergling x12  
  67  5:26  Zergling x4  
  70  5:30  Zergling x6  
Tags
 
Add a new tag
Caveats
  • Supply blocks, unpowered buildings, or Contaminate may cause inaccurate times.
  • Supply counts are checked every 10 seconds.